 Dungeon Crawl Stone Soup version 0.27.1-33-g824d729ab1 (webtiles) character file.

Game seed: 14388012778829372925

3041 Kagerou the Gouger (level 9, -6/43 HPs)
             Began as a Felid Delver on Dec 23, 2021.
             Was a Priest of Makhleb.
             Splashed by an acid dragon's acid (10 damage)
             ... on level 9 of the Dungeon on Dec 24, 2021.
             The game lasted 01:50:47 (18138 turns).

Kagerou the Gouger (Felid Delver)                  Turns: 18138, Time: 01:50:49

Health: -6/43      AC:  2    Str:  8    XL:     9   Next: 56%
Magic:  12/14      EV: 22    Int: 15    God:    Makhleb [***...]
Gold:   366        SH:  0    Dex: 17    Spells: 6/14 levels left
                                        Lives:  0   Deaths: 2

rFire    . . .     SeeInvis +     - Unarmed
rCold    . . .     Faith    .   (shield unavailable)
rNeg     . . .     Spirit   .   (armour unavailable)
rPois    +         Reflect  .   (helmet unavailable)
rElec    .         Harm     .   (cloak unavailable)
rCorr    +         Rampage  .   (gloves unavailable)
Will     +....                  (boots unavailable)
Stlth    +++.......             (no amulet)
HPRegen  0.14/turn              P - ring of poison resistance
MPRegen  0.14/turn              c - ring of resist corrosion

@: quick
A: very small, claws 1, fangs 3, see invisible, speed 1, shaggy fur 2, stealthy
paws, no weapons or thrown items, no armour, multi-lived
a: Renounce Religion, Minor Destruction, Lesser Servant of Makhleb


You were on level 9 of the Dungeon.
You worshipped Makhleb.
Makhleb was most pleased with you.
You visited 2 branches of the dungeon, and saw 10 of its levels.

You collected 366 gold pieces.

Inventory:

Missiles
 j - 4 boomerangs
Jewellery
 c - a ring of resist corrosion (right paw)
 d - a ring of fire
 f - a ring of protection from fire
 P - a ring of poison resistance (left paw)
Wands
 e - a wand of digging (4)
 k - a wand of flame (21)
 l - a wand of mindburst (15)
Scrolls
 a - 3 scrolls of noise
 b - 2 scrolls of magic mapping
 h - 2 scrolls of identify
 i - 2 scrolls of immolation
Potions
 n - a potion of haste
Miscellaneous
 g - a phantom mirror (inert)


   Skills:
 - Level 7.0 Fighting
 - Level 8.0 Dodging
 - Level 6.6 Stealth
 + Level 10.4 Unarmed Combat
 - Level 3.0 Spellcasting
 - Level 3.0 Translocations
 * Level 0.0 Transmutations
 * Level 0.0 Earth Magic
 - Level 5.0 Invocations


You had 6 spell levels left.
You knew the following spells:

 Your Spells              Type           Power      Damage    Failure   Level
a - Apportation           Tloc           22%        N/A       6%          1
b - Blink                 Tloc           N/A        N/A       9%          2
c - Corona                Hex            2%         N/A       21%         1
s - Sandblast             Erth           4%         2d4       21%         1
A - Animate Skeleton      Necr           4%         N/A       21%         1
W - Passwall              Tmut/Erth      1%         N/A       30%         2

Your spell library contained the following spells:

 Spells                   Type           Power      Damage    Failure   Level
 Lesser Beckoning         Tloc           5%         N/A       17%         3
 Foxfire                  Conj/Fire      8%         2x1d4     21%         1
 Freeze                   Ice            8%         1d3       21%         1
 Pain                     Necr           8%         1d4       21%         1
 Summon Small Mammal      Summ           8%         N/A       21%         1
 Conjure Flame            Conj/Fire      2%         6-21      52%         3
 Frozen Ramparts          Ice            4%         1d2       52%         3
 Inner Flame              Hex/Fire       2%         N/A       52%         3
 Manifold Assault         Tloc           11%        N/A       85%         5
 Hailstorm                Conj/Ice       2%         3d3       89%         4
 Lee's Rapid Deconstruct  Erth           1%         3d5*      99%         5
 Chain Lightning          Conj/Air       1%         3d1       100%        9
 Fire Storm               Conj/Fire      1%         7d1       100%        9


Dungeon Overview and Level Annotations

Branches:
Dungeon (9/15)             Temple (1/1) D:7
   Lair: D:8-11         Orc: D:9-12

Altars:
Ashenzari
Cheibriados
Dithmenos
Elyvilon
Fedhas
Gozag
Hepliaklqana
Kikubaaqudgha
Makhleb
Nemelex Xobeh
Okawaru
Qazlal
Ru
Sif Muna
Trog
Uskayaw
Vehumet
Wu Jian
Xom
Yredelemnul
Zin
The Shining One

Shops:
D:7 [   D:8 (

Annotations:
D:6 exclusions: 2 downstairs and upstairs
D:7 exclusions: upstairs and 1 more exclusion
D:8 exclusion: 2 downstairs
D:9 Harold


Innate Abilities, Weirdness & Mutations

You have sharp claws.
You have razor-sharp teeth.
You have supernaturally acute eyesight. (SInv)
You cover ground quickly. (Speed+)
You are covered in thick fur. (AC +2)
Your paws help you pounce on unaware monsters.
You are incapable of wielding weapons or throwing items.
You cannot wear armour.
You gain extra lives every three experience levels.


Message History

Harold throws a throwing net.
The throwing net hits you.
You become entangled in the net!
You see here a throwing net.
Unknown command.
A demon appears!
Harold shouts, "Can you die now?
I had plans for the rest of the day!"
Unknown command.
A demon appears!
What are your orders? t - Meow!
Orders for allies: a - Attack new target. r - Retreat! s - Stop attacking. g - Guard the area. f - Follow me.
Anything else - Cancel.
Gang up on whom?
Press: ? - help, Dir - move target, f - Harold
Aim: Harold, wielding a +0 scimitar, wearing a +0 chain mail, quivering a throwing net and carrying a wand of iceblast (11) (ally target) Attack!
Your orange demon stings Harold from afar.
Unknown command.
Harold zaps a wand.
The mass of ice explodes!
The iceblast engulfs you!
* * * LOW HITPOINT WARNING * * *
Your orange demon stings Harold from afar.
You hear a shout!
Unknown command.
You feel better.
Your ynoxinul hits Harold but does no damage.
Harold says, "Let's make it quick, okay?
I've got mouths to feed."
Harold zaps a wand.
The mass of ice explodes!
The iceblast engulfs you!
* * * LOW HITPOINT WARNING * * *
Your orange demon stings Harold but does no damage.
You hear a shout!
Casting: Apportation (safe; 6% risk of failure)
Confirm with . or Enter, or press ? or * to list all spells.
You blink.
Your ynoxinul hits Harold! The acid dragon spits acid at you.
The splash of acid hits you! You resist.
* * * LOW HITPOINT WARNING * * *
You are splashed with acid!
You resist.
You die...

## ## ### #.##.# ###
##.#####..## ###
#@####......)#..## #.##
###.##...####..###..#
#..####.ยง# #..## #..#
###. ##....#4.## #..#
#..# ## #.......## #..#
##..# # ## #....@3D###
#Z.## #..## ## .#
#.....#)...###...######
#.
........####....##......#
#. .......##
##..........## #.


You could see Harold (ally target), an acid dragon (catching breath), a friendly
orange demon (summoned) and a friendly ynoxinul (summoned).

Vanquished Creatures
  Pikel (D:8)
  The ghost of MisterT the Chopper, an amateur HOFi (D:3)
  2 acid dragons
  A hornet zombie (D:8)
  An orc warrior (D:8)
  A sky beast (D:6)
  An ice beast (D:6)
  The ghost of MisterT the Shield-Bearer, an amateur HOFi (D:3)
  2 necrophages (D:7)
  An ogre (D:5)
  3 centaurs
  A phantom (D:6)
  2 lemures (D:8)
  A kobold brigand (D:8)
  4 bullfrogs
  A wyvern zombie (D:6)
  3 scorpions (D:6)
  A water moccasin zombie (D:5)
  A wyvern skeleton (D:6)
  2 wights (D:7)
  8 killer bees
  2 howler monkeys
  2 centaur zombies
  3 bullfrog zombies
  A human zombie (D:7)
  A hound (D:6)
  A jelly (D:4)
  6 orc priests
  2 bullfrog skeletons
  3 gnoll shamans
  4 iguanas
  9 orc wizards
  A killer bee zombie (D:8)
  5 mummies (D:7)
  A howler monkey zombie (D:7)
  12 adders
  15 gnolls
  A shadow imp (D:7)
  A white imp (D:6)
  3 adder skeletons
  A worm (D:5)
  A dart slug (D:1)
  39 orcs
  7 ball pythons
  3 bats
  5 endoplasms
  7 goblins
  4 hobgoblins
  10 kobolds
  3 quokkas
  2 frilled lizards (D:1)
  3 rats
197 creatures vanquished.

Vanquished Creatures (collateral kills)
  An acid dragon (D:8)
  A black bear (D:8)
  A lemure (D:8)
  A bullfrog (D:7)
  A quokka (D:2)
  A rat (D:1)
6 creatures vanquished.

Grand Total: 203 creatures vanquished

Notes
Turn   | Place    | Note
-------+----------+-------------------------------------------
     0 | D:5      | Kagerou the Felid Delver began the quest for the Orb.
     0 | D:5      | Reached XP level 1. HP: 10/10 MP: 2/2
    32 | D:5      | Noticed an ogre
    53 | D:5      | Noticed an orc priest
   307 | D:2      | Reached XP level 2. HP: 14/14 MP: 3/3
   309 | D:2      | Learned a level 1 spell: Animate Skeleton
   367 | D:1      | Reached skill level 3 in Unarmed Combat
   910 | D:1      | Reached XP level 3. HP: 17/17 MP: 4/4
  1621 | D:3      | Found a sparkling altar of Nemelex Xobeh.
  1846 | D:2      | Reached skill level 4 in Unarmed Combat
  2372 | D:3      | Found a glowing golden altar of the Shining One.
  2372 | D:3      | Found a basalt altar of Yredelemnul.
  2372 | D:3      | Found a burning altar of Makhleb.
  2373 | D:3      | Found a stormy altar of Qazlal.
  2381 | D:3      | Became a worshipper of Makhleb the Destroyer
  2681 | D:2      | Reached XP level 4. HP: 21/21 MP: 5/5
  3641 | D:4      | Reached * piety under Makhleb
  3884 | D:3      | Learned a level 1 spell: Corona
  3983 | D:3      | Found a runed translucent gate.
  3983 | D:3      | Found a runed translucent gate.
  3983 | D:3      | Found a runed translucent gate.
  3985 | D:3      | Noticed MisterT's ghost (amateur HOFi)
  3985 | D:3      | Noticed MisterT's ghost (amateur HOFi)
  4064 | D:2      | Reached skill level 5 in Unarmed Combat
  4364 | D:4      | Reached XP level 5. HP: 18/24 MP: 6/6
  4795 | D:4      | Learned a level 2 spell: Blink
  5181 | D:4      | Reached skill level 1 in Translocations
  5370 | D:4      | Reached skill level 2 in Translocations
  5581 | D:4      | Reached skill level 3 in Translocations
  5581 | D:4      | Gained mutation: You are covered in thick fur. (AC +2)
                  | [Felid growth]
  5581 | D:4      | Reached XP level 6. HP: 12/28 MP: 7/7
  6554 | D:4      | Reached skill level 6 in Unarmed Combat
  6987 | D:6      | Found a snail-covered altar of Cheibriados.
  7040 | D:6      | Reached skill level 3 in Dodging
  7366 | D:6      | Reached skill level 4 in Fighting
  7467 | D:6      | Noticed a sky beast
  7474 | D:6      | Killed a sky beast
  7475 | D:6      | Reached skill level 4 in Dodging
  7475 | D:6      | Reached XP level 7. HP: 33/33 MP: 8/8
  8146 | D:6      | Identified the +1 cloak of Quetz {rF+ rC+ Slay+3}
  8161 | D:6      | Reached ** piety under Makhleb
  8259 | D:5      | Found a bloodstained altar of Trog.
  8505 | D:6      | Reached skill level 5 in Fighting
  8505 | D:6      | Reached skill level 5 in Dodging
  8505 | D:6      | Reached skill level 7 in Unarmed Combat
  8640 | D:6      | Reached skill level 1 in Invocations
  9144 | D:7      | Found Qalerch's Antique Armour Shop.
  9144 | D:7      | Found a staircase to the Ecumenical Temple.
  9498 | D:6      | Reached skill level 2 in Invocations
  9498 | D:6      | Reached XP level 8. HP: 35/37 MP: 10/10
  9644 | D:6      | Learned a level 1 spell: Apportation
  9913 | D:6      | Reached skill level 3 in Invocations
 10016 | D:6      | Reached skill level 8 in Unarmed Combat
 10142 | D:6      | Reached skill level 4 in Invocations
 10811 | D:5      | Reached skill level 1 in Spellcasting
 11091 | D:6      | Reached skill level 2 in Spellcasting
 11487 | D:7      | Slain by a killer bee
 11488 | D:7      | Reached XP level 7. HP: -2/33 MP: 11/11
 11658 | D:7      | Found a shimmering altar of Xom.
 11687 | D:7      | Reached XP level 8. HP: 17/37 MP: 11/13
 11869 | D:7      | Reached skill level 9 in Unarmed Combat
 11976 | D:7      | Learned a level 1 spell: Sandblast
 11990 | D:7      | Reached skill level 3 in Spellcasting
 12569 | D:7      | Noticed a manticore
 12577 | D:7      | Killed from afar by a manticore
 12578 | D:7      | Reached XP level 7. HP: -10/33 MP: 12/12
 12881 | D:3      | Killed MisterT's ghost
 12945 | D:3      | Killed MisterT's ghost
 12946 | D:3      | Reached skill level 6 in Dodging
 13546 | D:5      | Reached XP level 8. HP: 27/37 MP: 13/13
 14082 | D:7      | Found a shimmering blue altar of Sif Muna.
 14090 | D:7      | Learned a level 2 spell: Passwall
 14095 | D:7      | Got Sif Muna's Almanac of Evil Rites
 14099 | D:7      | Got Sif Muna's Grimoire of Darkness
 14102 | D:7      | Got Sif Muna's Disquisition on the Escort
 14294 | D:7      | Reached *** piety under Makhleb
 14711 | D:8      | Noticed Pikel
 14745 | D:8      | Reached skill level 6 in Fighting
 15005 | D:8      | Found Ranoliurch's Weapon Shoppe.
 15646 | D:8      | Reached skill level 7 in Dodging
 15877 | D:8      | Found a bloodstained altar of Trog.
 16341 | D:8      | Reached XP level 9. HP: 18/42 MP: 11/14
 16592 | D:7      | Found a bloodstained altar of Trog.
 16782 | Temple   | Entered the Ecumenical Temple
 17230 | D:7      | Reached skill level 5 in Invocations
 17246 | D:7      | Reached skill level 10 in Unarmed Combat
 17288 | D:7      | Found an ancient bone altar of Kikubaaqudgha.
 17320 | D:7      | Noticed a manticore
 17435 | D:8      | Killed Pikel
 17436 | D:8      | Reached skill level 7 in Fighting
 17436 | D:8      | Reached skill level 8 in Dodging
 18119 | D:9      | Kagerou: ??haste
 18119 | D:9      | beem: haste[1/1]: Reduces action delay by 1/3. Obtained by
                  | quaffing a potion of haste. Some monsters can cast it as a
                  | spell.
 18119 | D:9      | Kagerou: ??potion of haste
 18119 | D:9      | beem: haste[1/1]: Reduces action delay by 1/3. Obtained by
                  | quaffing a potion of haste. Some monsters can cast it as a
                  | spell.
 18123 | D:9      | Noticed Harold
 18138 | D:9      | Splashed by an acid dragon's acid

Illustrated notes

Levels and vault maps discovered:
D:1:      elethiomel_arrival_infinity_welcomes_careful_drivers,
          layout_loops_cross
D:2:      layout_basic
D:3:      layout_basic, nemelex_xobeh_ov_fountains_minmay,
          chequers_temple_overflow_statue_of_worship, gammafunk_ghost_cemetery
D:4:      layout_basic, hangedman_minor_gate_pass
D:5:      layout_rooms, mainiacjoe_overflow_tiny_flanked
D:6:      layout_loops_cross, lemuel_coloured_pillars_altar
D:7:      layout_cave_pools, lemuel_mausoleum_altar_kikubaaqudgha,
          mainiacjoe_overflow_concentric_impassable,
          nicolae_sif_muna_little_library, minmay_temple_entry_offerings,
          serial_shops, shop, hangedman_feature_mirror
D:8:      layout_loops_corners, serial_shops, shop, st_stairs_9,
          minmay_ruined_shrine, uniq_pikel
D:9:      layout_layer_cave, david_orc_3, uniq_harold
Temple:   minmay_temple_forest_path

Skill      XL: |  1  2  3  4  5  6  7  8  9 |
---------------+----------------------------+-----
Unarmed Combat | 3 4 5 6 7 9 10 | 10.4
Translocations | 3 |  3.0
Dodging        | 4 6 7 8 |  8.0
Fighting       | 4 5 6 7 |  7.0
Invocations    | 2 4 5 |  5.0
Spellcasting   | 3 |  3.0
Stealth        | |  6.6

Action                   |  1- 3 |  4- 6 |  7- 9 || total
-------------------------+-------+-------+-------++-------
Melee: Unarmed           |   100 |   177 |   380 ||   657
       Bite              |     5 |    12 |    40 ||    57
       Punch             |     1 |     4 |    10 ||    15
 Cast: Animate Skeleton  |    16 |    21 |    30 ||    67
       Corona            |       |     9 |    13 ||    22
       Blink             |       |     1 |    11 ||    12
       Passwall          |       |       |     2 ||     2
       Apportation       |       |       |     2 ||     2
Invok: Minor Destruction |       |       |   157 ||   157
       Lesser Servant of |       |       |     3 ||     3
Evoke: Wand              |       |     3 |     4 ||     7
       Phantom mirror    |       |       |     1 ||     1
  Use: Potion            |     4 |     4 |     8 ||    16
       Scroll            |     2 |     6 |     9 ||    17
 Stab: Sleeping          |    16 |    11 |    12 ||    39
       Distracted        |       |       |     4 ||     4
Armor: Skin              |     1 |     4 |    22 ||    27
Dodge: Dodged            |    57 |   118 |   310 ||   485
